EVO
STANFORD UNIVERSITY CARDINAL @ UNIVERSITY OF TORONTO MARLIES
10/07/2048
 
TOP OF THE 1ST
Stanford University Cardinal batting - Pitching for University of Toronto Marlies : LHP Ryan Quintero
Pitching: LHP Ryan Quintero
Batting: RHB John Van der Linden 0-0: Swinging Strike
0-1: Foul Ball, location: 2F
0-2: Strikes out swinging
Batting: RHB Joe Gabriel 0-0: Ball
1-0: Ball
2-0: SINGLE (Line Drive, 9S, EV 94.4 MPH)
Batting: LHB Donny Kleinjan 0-0: Fly out, F9 (Flyball, 9S, EV 86.2 MPH)
Batting: RHB Joe Petley 0-0: Called Strike
0-1: Ball
Wild Pitch!
Joe Gabriel to second
1-1: Foul Ball, location: 2F
1-2: Ball
2-2: Ball
3-2: Foul Ball, location: 2F
3-2: Foul Ball, location: 2F
3-2: Fly out, F9 (Flyball, 9LSF, EV 75.0 MPH)
Top of the 1st over - 0 runs, 1 hit, 0 errors, 1 left on base; Stanford University 0 - University of Toronto 0
BOTTOM OF THE 1ST
University of Toronto Marlies batting - Pitching for Stanford University Cardinal : LHP Chris Hoebing
Pitching: LHP Chris Hoebing
Batting: LHB Efrem Isaev 0-0: Foul Ball, location: 2F
0-1: Ball
1-1: Ball
2-1: Called Strike
2-2: Foul Ball, location: 2F
2-2: Ball
3-2: Fly out, F9 (Flyball, 8RD, EV 98.8 MPH)
Batting: RHB Logan Johnson 0-0: Called Strike
0-1: Called Strike
0-2: Ball
1-2: Ball
2-2: Foul Ball, location: 2F
2-2: SINGLE (Groundball, 56S, EV 76.9 MPH) (infield hit)
Batting: SHB Jack Tierney 0-0: Grounds into double play, 6-4-3 (Groundball, 6, EV 88.8 MPH)
Bottom of the 1st over - 0 runs, 1 hit, 0 errors, 0 left on base; Stanford University 0 - University of Toronto 0
TOP OF THE 2ND
Stanford University Cardinal batting - Pitching for University of Toronto Marlies : LHP Ryan Quintero
Batting: LHB Chien Sam 0-0: Called Strike
0-1: Ball
1-1: Fly out, F9 (Line Drive, 9, EV 85.6 MPH)
Batting: LHB Bryan Davidson 0-0: Ball
1-0: Ground out 5-3 (Groundball, 56, EV 82.5 MPH)
Batting: RHB Josh Benefield 0-0: Foul Ball, location: 2F
0-1: Fly out, F5 (Popup, 5SF, EV 74.4 MPH)
Top of the 2nd over - 0 runs, 0 hits, 0 errors, 0 left on base; Stanford University 0 - University of Toronto 0
BOTTOM OF THE 2ND
University of Toronto Marlies batting - Pitching for Stanford University Cardinal : LHP Chris Hoebing
Batting: RHB Akichika Yamano 0-0: Swinging Strike
0-1: Ball
1-1: Swinging Strike
1-2: Strikes out looking
Batting: SHB Shannon Britten 0-0: Swinging Strike
0-1: Ball
1-1: Ball
2-1: Fly out, F9 (Flyball, 9S, EV 89.4 MPH)
Batting: RHB Elmar Adenauer 0-0: Called Strike
0-1: Foul Ball, location: 2F
0-2: Ball
1-2: Strikes out swinging
Bottom of the 2nd over - 0 runs, 0 hits, 0 errors, 0 left on base; Stanford University 0 - University of Toronto 0
TOP OF THE 3RD
Stanford University Cardinal batting - Pitching for University of Toronto Marlies : LHP Ryan Quintero
Batting: RHB Ted Hickey 0-0: Swinging Strike
0-1: Foul Ball, location: 2F
0-2: Strikes out swinging
Batting: LHB Mike Keating 0-0: Foul Ball, location: 2F
0-1: Ball
1-1: Ball
2-1: Ball
3-1: Fly out, F9 (Line Drive, 9, EV 97.5 MPH)
Batting: RHB John Van der Linden 0-0: Foul Ball, location: 2F
0-1: Called Strike
0-2: Ball
1-2: Ball
2-2: Ground out 4-3 (Groundball, 4, EV 85.0 MPH)
Top of the 3rd over - 0 runs, 0 hits, 0 errors, 0 left on base; Stanford University 0 - University of Toronto 0
BOTTOM OF THE 3RD
University of Toronto Marlies batting - Pitching for Stanford University Cardinal : LHP Chris Hoebing
Batting: RHB Jeff McClellan 0-0: Called Strike
0-1: Foul Ball, location: 2F
0-2: Foul Ball, location: 2F
0-2: Strikes out swinging
Batting: SHB Jose Melendez 0-0: Foul Ball, location: 2F
0-1: Swinging Strike
0-2: Ball
1-2: Fly out, F8 (Flyball, 8LS, EV 80.6 MPH)
Batting: RHB Charlie Townend 0-0: Foul Ball, location: 2F
0-1: Foul Ball, location: 2F
0-2: Strikes out looking
Bottom of the 3rd over - 0 runs, 0 hits, 0 errors, 0 left on base; Stanford University 0 - University of Toronto 0
TOP OF THE 4TH
Stanford University Cardinal batting - Pitching for University of Toronto Marlies : LHP Ryan Quintero
Batting: RHB Joe Gabriel 0-0: SINGLE (Groundball, 4MD, EV 95.0 MPH)
Batting: LHB Donny Kleinjan 0-0: Ball
1-0: Grounds into double play, 5-4-3 (Groundball, 56, EV 93.1 MPH)
Batting: RHB Joe Petley 0-0: Ball
1-0: Ball
2-0: Foul Ball, location: 2F
2-1: Fly out, F8 (Flyball, 8RD, EV 106.2 MPH)
Top of the 4th over - 0 runs, 1 hit, 0 errors, 0 left on base; Stanford University 0 - University of Toronto 0
BOTTOM OF THE 4TH
University of Toronto Marlies batting - Pitching for Stanford University Cardinal : LHP Chris Hoebing
Batting: LHB Efrem Isaev 0-0: Foul Ball, location: 2F
0-1: SINGLE (Groundball, 6S, EV 61.2 MPH) (infield hit)
Batting: RHB Logan Johnson 0-0: Ball
1-0: Ball
2-0: Ball
3-0: Base on Balls
Efrem Isaev to second
Batting: SHB Jack Tierney 0-0: Called Strike
0-1: Foul Ball, location: 2F
0-2: Ball
1-2: SINGLE (Flyball, 89M, EV 85.6 MPH)
Efrem Isaev to third
Logan Johnson to second
Batting: RHB Akichika Yamano 0-0: Ball
1-0: Ball
2-0: Called Strike
2-1: Ball
3-1: Called Strike
3-2: Base on Balls
Efrem Isaev scores
Logan Johnson to third
Jack Tierney to second
Batting: SHB Shannon Britten 0-0: Called Strike
0-1: DOUBLE (Line Drive, 78D, EV 113.8 MPH)
Logan Johnson scores
Jack Tierney scores
Akichika Yamano to third
Batting: RHB Elmar Adenauer 0-0: Ball
1-0: Foul Ball, location: 2F
1-1: Swinging Strike
1-2: Foul Ball, location: 2F
1-2: Ball
2-2: Foul Ball, location: 2F
2-2: Ball
3-2: Base on Balls
Batting: RHB Jeff McClellan 0-0: Ball
1-0: Ball
2-0: Swinging Strike
2-1: Fly out, F8 (Flyball, 8RS, EV 82.5 MPH)
Batting: SHB Jose Melendez 0-0: Foul Ball, location: 2F
0-1: Ball
1-1: Ball
2-1: Fly out, F4 (Popup, 3D, EV 51.2 MPH)
Batting: RHB Charlie Townend 0-0: Called Strike
0-1: Ball
1-1: Ball
2-1: Foul Ball, location: 2F
2-2: Fielders Choice at 2nd, 6-4 (Groundball, 6, EV 101.2 MPH)
Bottom of the 4th over - 3 runs, 3 hits, 0 errors, 3 left on base; Stanford University 0 - University of Toronto 3
TOP OF THE 5TH
Stanford University Cardinal batting - Pitching for University of Toronto Marlies : LHP Ryan Quintero
Batting: LHB Chien Sam 0-0: Ball
1-0: Foul Ball, location: 2F
1-1: Ground out 4-3 (Groundball, 4, EV 110.6 MPH)
Batting: LHB Bryan Davidson 0-0: Swinging Strike
0-1: Swinging Strike
0-2: Ball
1-2: Ball
2-2: Foul Ball, location: 2F
2-2: Ball
3-2: Strikes out swinging
Batting: RHB Josh Benefield 0-0: Ball
1-0: Foul Ball, location: 2F
1-1: Foul Ball, location: 2F
1-2: Ball
2-2: Ball
3-2: Strikes out swinging
Top of the 5th over - 0 runs, 0 hits, 0 errors, 0 left on base; Stanford University 0 - University of Toronto 3
BOTTOM OF THE 5TH
University of Toronto Marlies batting - Pitching for Stanford University Cardinal : LHP Chris Hoebing
Batting: LHB Efrem Isaev 0-0: Called Strike
0-1: Foul Ball, location: 2F
0-2: Strikes out looking
Batting: RHB Logan Johnson 0-0: Ball
1-0: Ball
2-0: Foul Ball, location: 2F
2-1: Foul Ball, location: 2F
2-2: Ball
3-2: Strikes out swinging
Batting: SHB Jack Tierney 0-0: Called Strike
0-1: Foul Ball, location: 2F
0-2: Ball
1-2: Ball
2-2: Foul Ball, location: 2F
2-2: Fly out, F9 (Flyball, 9S, EV 83.1 MPH)
Bottom of the 5th over - 0 runs, 0 hits, 0 errors, 0 left on base; Stanford University 0 - University of Toronto 3
TOP OF THE 6TH
Stanford University Cardinal batting - Pitching for University of Toronto Marlies : LHP Ryan Quintero
Batting: RHB Ted Hickey 0-0: Ball
1-0: Swinging Strike
1-1: SINGLE (Groundball, 6D, EV 101.9 MPH)
Batting: LHB Mike Keating 0-0: Ball
1-0: Called Strike
1-1: Swinging Strike
1-2: Strikes out looking
Batting: RHB John Van der Linden 0-0: Called Strike
0-1: Foul Ball, location: 2F
0-2: Ball
1-2: Strikes out looking
Batting: RHB Joe Gabriel 0-0: Ball
1-0: Foul Ball, location: 2F
1-1: DOUBLE (Line Drive, 9LM, EV 105.0 MPH)
Ted Hickey to third
Runner from 3rd tries for Home, SAFE, throw by RF to home
Batting: LHB Donny Kleinjan 0-0: Called Strike
0-1: Foul Ball, location: 2F
0-2: Ball
1-2: 2-RUN HOME RUN (Flyball, 78XD, EV 108.1 MPH), Distance : 425 ft
Batting: RHB Joe Petley 0-0: Ball
1-0: Called Strike
1-1: Fly out, F9 (Flyball, 9, EV 88.1 MPH)
Top of the 6th over - 3 runs, 3 hits, 0 errors, 0 left on base; Stanford University 3 - University of Toronto 3
BOTTOM OF THE 6TH
University of Toronto Marlies batting - Pitching for Stanford University Cardinal : LHP Chris Hoebing
Pitching: RHP Andy Swan
Batting: RHB Akichika Yamano 0-0: Swinging Strike
0-1: Called Strike
0-2: Ball
1-2: Fly out, F3 (Popup, 3F, EV 76.9 MPH)
Batting: SHB Shannon Britten 0-0: Called Strike
0-1: Fly out, F8 (Line Drive, 8RM, EV 95.0 MPH)
Batting: RHB Elmar Adenauer 0-0: Called Strike
0-1: Ball
1-1: Ball
2-1: Ball
3-1: Foul Ball, location: 2F
3-2: Foul Ball, location: 2F
3-2: Base on Balls
Batting: RHB Jeff McClellan 0-0: Ball
Elmar Adenauer is caught stealing 2nd base 2-4
Bottom of the 6th over - 0 runs, 0 hits, 0 errors, 0 left on base; Stanford University 3 - University of Toronto 3
TOP OF THE 7TH
Stanford University Cardinal batting - Pitching for University of Toronto Marlies : LHP Ryan Quintero
Batting: LHB Chien Sam 0-0: Ball
1-0: Ball
2-0: Ball
3-0: Base on Balls
Pitching: RHP Brad Cannell
Batting: LHB Bryan Davidson 0-0: Swinging Strike
0-1: Ball
Wild Pitch!
Chien Sam to second
1-1: Called Strike
1-2: Ball
2-2: Strikes out swinging
Batting: RHB Josh Benefield 0-0: Ball
1-0: Ball
2-0: Called Strike
2-1: Ball
3-1: Base on Balls
Pinch Hitting: RHB Carlton Hookway 0-0: Ball
1-0: Ball
2-0: Called Strike
2-1: Ball
3-1: Foul Ball, location: 2F
3-2: Foul Ball, location: 2F
3-2: Base on Balls
Chien Sam to third
Josh Benefield to second
Pinch Hitting: LHB Caleb Hartwell 0-0: Foul Ball, location: 2F
0-1: Fly out, F7 (Flyball, 7LSF, EV 91.9 MPH)
Batting: RHB John Van der Linden 0-0: Ball
1-0: Fly out, F7 (Line Drive, 7, EV 97.5 MPH)
Top of the 7th over - 0 runs, 0 hits, 0 errors, 3 left on base; Stanford University 3 - University of Toronto 3
BOTTOM OF THE 7TH
University of Toronto Marlies batting - Pitching for Stanford University Cardinal : RHP Andy Swan
Pitching: LHP Larry Steen
Now at SS: Dzevat Koljevic
Now in LF: Gary Preston
Batting: RHB Jeff McClellan 0-0: Called Strike
0-1: SOLO HOME RUN (Flyball, 7LD, EV 96.9 MPH), Distance : 366 ft
Batting: SHB Jose Melendez 0-0: Called Strike
0-1: Called Strike
0-2: Ball
1-2: Strikes out swinging
Batting: RHB Charlie Townend 0-0: Called Strike
0-1: Foul Ball, location: 2F
0-2: Foul Ball, location: 2F
0-2: Ball
1-2: Strikes out looking
Batting: LHB Efrem Isaev 0-0: Ball
1-0: Ball
2-0: Ground out 5-3 (Groundball, 5, EV 81.2 MPH)
Bottom of the 7th over - 1 run, 1 hit, 0 errors, 0 left on base; Stanford University 3 - University of Toronto 4
TOP OF THE 8TH
Stanford University Cardinal batting - Pitching for University of Toronto Marlies : RHP Brad Cannell
Batting: RHB Joe Gabriel 0-0: Called Strike
0-1: Ground out 1-3 (Groundball, 13S, EV 65.6 MPH)
Batting: LHB Donny Kleinjan 0-0: Called Strike
0-1: Ball
1-1: Ball
2-1: Foul Ball, location: 2F
2-2: Ball
3-2: Base on Balls
Batting: RHB Joe Petley 0-0: Hit by Pitch
Donny Kleinjan to second
Batting: LHB Chien Sam 0-0: Called Strike
0-1: Foul Ball, location: 2F
0-2: Foul Ball, location: 2F
0-2: Ball
1-2: Grounds out, U3 (Groundball, 3L, EV 108.8 MPH)
Donny Kleinjan to third
Batting: LHB Bryan Davidson 0-0: Ball
1-0: Foul Ball, location: 2F
1-1: SINGLE (Groundball, 25, EV 68.8 MPH) (infield hit)
Donny Kleinjan scores
Joe Petley to third
Pitching: RHP Mike McDonald
Batting: RHB Josh Benefield 0-0: Called Strike
0-1: Fly out, F8 (Line Drive, 8LM, EV 88.1 MPH)
Top of the 8th over - 1 run, 1 hit, 0 errors, 2 left on base; Stanford University 4 - University of Toronto 4
BOTTOM OF THE 8TH
University of Toronto Marlies batting - Pitching for Stanford University Cardinal : LHP Larry Steen
Pitching: LHP Marco Mendez
Batting: RHB Logan Johnson 0-0: Called Strike
0-1: Foul Ball, location: 2F
0-2: Fly out, F9 (Line Drive, 9D, EV 88.8 MPH)
Batting: SHB Jack Tierney 0-0: Fly out, F8 (Flyball, 8LD, EV 105.0 MPH)
Batting: RHB Akichika Yamano 0-0: Ball
1-0: Ball
2-0: Foul Ball, location: 2F
2-1: Ball
3-1: Swinging Strike
3-2: Ground out 6-3 (Groundball, 56, EV 101.2 MPH)
Bottom of the 8th over - 0 runs, 0 hits, 0 errors, 0 left on base; Stanford University 4 - University of Toronto 4
TOP OF THE 9TH
Stanford University Cardinal batting - Pitching for University of Toronto Marlies : RHP Mike McDonald
Pitching: RHP Luke Stannard
Batting: RHB Gary Preston 0-0: Called Strike
0-1: Swinging Strike
0-2: Foul Ball, location: 2F
0-2: Ball
1-2: Fly out, F9 (Line Drive, 89M, EV 89.4 MPH)
Batting: RHB Dzevat Koljevic 0-0: Ground out 6-3 (Groundball, P, EV 84.4 MPH)
Batting: RHB John Van der Linden 0-0: Called Strike
0-1: Ground out 4-3 (Groundball, 4S, EV 71.9 MPH)
Top of the 9th over - 0 runs, 0 hits, 0 errors, 0 left on base; Stanford University 4 - University of Toronto 4
BOTTOM OF THE 9TH
University of Toronto Marlies batting - Pitching for Stanford University Cardinal : LHP Marco Mendez
Batting: SHB Shannon Britten 0-0: Ball
1-0: Fly out, F9 (Flyball, 89M, EV 91.9 MPH)
Batting: RHB Elmar Adenauer 0-0: Ball
1-0: Swinging Strike
1-1: Ball
2-1: Called Strike
2-2: Strikes out swinging
Batting: RHB Jeff McClellan 0-0: Foul Ball, location: 2F
0-1: Swinging Strike
0-2: Ball
1-2: Ball
2-2: Ball
3-2: Strikes out swinging
Bottom of the 9th over - 0 runs, 0 hits, 0 errors, 0 left on base; Stanford University 4 - University of Toronto 4
TOP OF THE 10TH
Stanford University Cardinal batting - Pitching for University of Toronto Marlies : RHP Luke Stannard
Batting: RHB Joe Gabriel 0-0: Ball
1-0: SINGLE (Line Drive, 34D, EV 95.6 MPH)
Batting: LHB Donny Kleinjan 0-0: Ball
1-0: Called Strike
1-1: Called Strike
1-2: Ball
2-2: Foul Ball, location: 2F
2-2: Foul Ball, location: 2F
2-2: Strikes out swinging
Batting: RHB Joe Petley 0-0: Ball
1-0: Called Strike
1-1: Called Strike
1-2: Ball
2-2: Ball
3-2: Foul Ball, location: 2F
3-2: Fly out, F7 (Line Drive, 7, EV 88.1 MPH)
Pitching: LHP Nick Holt
Batting: LHB Chien Sam 0-0: Called Strike
0-1: Ball
1-1: Swinging Strike
1-2: Strikes out swinging
Top of the 10th over - 0 runs, 1 hit, 0 errors, 1 left on base; Stanford University 4 - University of Toronto 4
BOTTOM OF THE 10TH
University of Toronto Marlies batting - Pitching for Stanford University Cardinal : LHP Marco Mendez
Pitching: RHP Warren Waldman
Pinch Hitting: SHB Conrade Gordon 0-0: Ball
1-0: Ground out 4-3 (Groundball, 4, EV 85.0 MPH)
Batting: RHB Charlie Townend 0-0: Called Strike
0-1: Foul Ball, location: 2F
0-2: Ball
1-2: Ball
2-2: Foul Ball, location: 2F
2-2: Foul Ball, location: 2F
2-2: Foul Ball, location: 2F
2-2: Foul Ball, location: 2F
2-2: Foul Ball, location: 2F
2-2: Ball
3-2: Foul Ball, location: 2F
3-2: Base on Balls
Batting: LHB Efrem Isaev 0-0: Called Strike
0-1: Ball
1-1: Ball
2-1: Foul Ball, location: 2F
2-2: Fielders Choice at 2nd, 4-6 (Groundball, 4, EV 97.5 MPH)
Batting: RHB Logan Johnson 0-0: Ball
1-0: Swinging Strike
1-1: Ball
2-1: Ball
3-1: Swinging Strike
3-2: Foul Ball, location: 2F
3-2: Foul Ball, location: 2F
3-2: Base on Balls
Efrem Isaev to second
Pitching: LHP Joe Alverson
Batting: SHB Jack Tierney 0-0: Swinging Strike
0-1: SINGLE (Flyball, 9S, EV 83.8 MPH)
Efrem Isaev to third
Logan Johnson to second
Runner from 3rd tries for Home, SAFE, throw by RF to home
Bottom of the 10th over - 1 run, 1 hit, 0 errors, 2 left on base; Stanford University 4 - University of Toronto 5
Tuesday, March 28th , 2023 - OOTP Baseball 23.10 Build 110